 Dungeon Crawl Stone Soup version 0.28-a0-792-g75f770b44e (webtiles) character file.

Game seed: 18228692290753763496

51 Lemonice the Digger (level 3, -7/22 HPs)
             Began as an Octopode Earth Elementalist on Nov 3, 2021.
             Mangled by Sigmund (13 damage)
             ... on level 2 of the Dungeon.
             The game lasted 00:02:15 (1836 turns).

Lemonice the Digger (Octopode Earth Elementalist)   Turns: 1836, Time: 00:02:15

Health: -7/22      AC:  1    Str:  8    XL:     3   Next: 81%
Magic:  6/6        EV: 13    Int: 17    God:
Gold:   33         SH:  0    Dex: 12    Spells: 5/6 levels left

rFire   . . .      SeeInvis .   a - +0 short sword
rCold   . . .      Faith    .   (no shield)
rNeg    . . .      Spirit   .   (helmet restricted)
rPois   .          Reflect  .   (no amulet)
rElec   .          Harm     .   (no ring)
rCorr   .          Rampage  .   (no ring)
Will    .....                   (no ring)
Stlth   +++.......              (no ring)
HPRegen 0.07/turn               (no ring)
MPRegen 0.10/turn               (no ring)
                                (no ring)
                                (no ring)

@: lethally poisoned (-7 -> -11)
A: almost no armour, amphibious, 8 rings, camouflage 1, gelatinous body 1,
(nimble swimmer 1), tentacles
a: no special abilities


You were on level 2 of the Dungeon.
You visited 1 branch of the dungeon, and saw 2 of its levels.

You collected 113 gold pieces.
You spent 80 gold pieces at shops.

Inventory:

Hand Weapons
 a - a +0 short sword (weapon)
Missiles
 b - 37 stones
Scrolls
 d - 4 scrolls of teleportation {unknown}
 e - a scroll of blinking {unknown}
 f - a scroll of identify {unknown}
 i - a scroll of fear {unknown}
Potions
 c - a potion of mutation {unknown}
 g - a potion of curing
 h - a potion of heal wounds


   Skills:
 + Level 0.9 Fighting
 + Level 1.0 Short Blades
 + Level 2.3 Dodging
 + Level 3.2 Stealth
 + Level 2.3 Spellcasting
 + Level 1.0 Conjurations
 - Level 1.0 Transmutations
 + Level 3.2 Earth Magic


You had 5 spell levels left.
You knew the following spells:

 Your Spells              Type           Power      Damage    Failure   Level
a - Sandblast             Erth           26%        2d8       4%          1

Your spell library contained the following spells:

 Spells                   Type           Power      Damage    Failure   Level
 Passwall                 Tmut/Erth      7%         N/A       12%         2
 Stone Arrow              Conj/Erth      18%        3d8       24%         3
 Petrify                  Tmut/Erth      9%         N/A       61%         4


Dungeon Overview and Level Annotations

Branches:
Dungeon (2/15)

Altars:

Shops:
D:2 **[

Annotations:
D:2 Sigmund


Innate Abilities, Weirdness & Mutations

You cannot wear most types of armour.
You are amphibious.
You can wear up to eight rings at the same time.
Your skin changes colour to match your surroundings (Stealth+).
Your rubbery body absorbs attacks. (AC +1, EV +1)
((You are camouflaged near water. (Stealth+)))
You have tentacles for arms and can constrict up to eight enemies at once.


Message History

You constrict the giant cockroach.
You kill the giant cockroach!
No target in view!
No target in view!
No target in view!
You see here a giant cockroach corpse.
You open the door.
An adder comes into view.
There is an open door here.
No target in view!
No target in view!
No target in view!
No target in view!
No target in view!
No target in view!
No target in view!
Found a stone staircase leading up.
Sigmund shouts!
The adder hisses angrily.
You hit the adder. Your grab misses the adder.
The adder is lightly wounded.
The adder misses you.
Sigmund gestures wildly while chanting.
Sigmund flickers and vanishes!
Deactivating autopickup; reactivate with Ctrl-A.
The adder barely misses you. Something hits you!
Ouch! That really hurt!
Unknown command.
You closely miss the adder. Your grab misses the adder.
The adder is lightly wounded.
The adder barely misses you.
You hit the adder but do no damage. Your grab misses the adder.
Your squeeze misses the adder.
The adder is lightly wounded.
The adder bites you.
* * * LOW HITPOINT WARNING * * *
You are poisoned.
The adder poisons you! Something hits you!
Ouch! That really hurt!
You die...

..#
#.#####.#.....##
..#
#.....†.##...##
### #.#########'##
# #.# #.# # #.#
##.## # #.# #...#
# #.# ##...## #
#.#######.....## #
#.<.{S@.........#
#
#######...........
# #.........##
#......####
####...# #...#
####


You could see an adder.

Vanquished Creatures
  An adder (D:2)
  4 endoplasms
  A giant cockroach (D:2)
  3 goblins
  6 hobgoblins
  3 jackals (D:2)
  A quokka (D:1)
  7 ball pythons
  2 bats
  2 frilled lizards (D:1)
  2 kobolds (D:1)
  4 rats
36 creatures vanquished.

Notes
Turn   | Place    | Note
-------+----------+-------------------------------------------
     0 | D:1      | Lemonice the Octopode Earth Elementalist began the quest
                  | for the Orb.
     0 | D:1      | Reached XP level 1. HP: 11/11 MP: 3/3
   343 | D:1      | Reached XP level 2. HP: 18/18 MP: 5/5
   939 | D:1      | Reached XP level 3. HP: 22/22 MP: 6/6
  1248 | D:2      | Reached skill level 1 in Conjurations
  1337 | D:2      | Found Veril's Armour Shoppe.
  1430 | D:2      | Found Yshexip's General Store.
  1457 | D:2      | Bought a potion of curing for 30 gold pieces
  1457 | D:2      | Bought a potion of heal wounds for 50 gold pieces
  1631 | D:2      | Reached skill level 1 in Short Blades
  1672 | D:2      | Found Ceykle's Assorted Antiques.
  1807 | D:2      | Noticed Sigmund
  1836 | D:2      | Mangled by Sigmund

Illustrated notes

Levels and vault maps discovered:
D:1:      dpeg_arrival_fog, layout_basic, minmay_door_square,
          minmay_pentomino_x4
D:2:      layout_loops_corners, serial_shops, shop_statue, nicolae_shop_stone,
          nicolae_shop_window_shopping, shop, minmay_misc_feat_ornament,
          uniq_sigmund

Skill      XL: |  1  2  3 |
---------------+----------+-----
Stealth        | 3 |  3.2
Conjurations   | 1 |  1.0
Short Blades   | 1 |  1.0
Fighting       | |  0.9
Dodging        | |  2.3
Spellcasting   | |  2.3
Transmutations | |  1.0
Earth Magic    | |  3.2

Action                   || total
-------------------------++-------
Melee: Unarmed           ||     9
       Short sword       ||    68
       Constrict         ||    16
       Tentacles         ||    11
 Stab: Sleeping          ||    17
Armor: Skin              ||     1
Dodge: Dodged            ||    40

Table legend: (Time is in decaauts)
 A = Elapsed time spent in this place.
 B = Non-inter-level travel time spent in this place.
 C = Inter-level travel time spent in this place.
 D = Time resting spent in this place.
 E = Time spent auto-exploring this place.
 F = Levels seen in this place.
 G = Mean time per level.
                   A        B        C        D        E       F      G
               +--------+--------+--------+--------+--------+-----+--------+
         Total |   1840 |   1794 |     46 |      0 |   1496 |   2 |  920.0 |
       Dungeon |   1840 |   1794 |     46 |      0 |   1496 |   2 |  920.0 |
               +--------+--------+--------+--------+--------+-----+--------+

Top non-repeatable levels by time:
     D:1: 1117 daAuts
     D:2: 722 daAuts
